 Dungeon Crawl Stone Soup version 0.28-a0-1404-g4df0f3684d (webtiles) character file.

Game seed: 6620559963623655677

25 southernslant the Twirler (level 3, -1/22 HPs)
             Began as a Gargoyle Gladiator on Jan 6, 2022.
             Slain by a goblin (5 damage)
             ... led by Robin
             ... on level 2 of the Dungeon.
             The game lasted 00:02:05 (1000 turns).

southernslant the Twirler (Gargoyle Gladiator)      Turns: 1000, Time: 00:02:06

Health: -1/22      AC:  8    Str: 17    XL:     3   Next: 4%
Magic:  3/3        EV: 12    Int:  8    God:
Gold:   25         SH:  0    Dex: 13    Spells: 2/2 levels left

rFire   . . .      SeeInvis .   a - +0 quarterstaff
rCold   . . .      Faith    .   (shield currently unavailable)
rNeg    + . .      Spirit   .   b - +0 leather armour
rPois   ∞          Reflect  .   c - +0 helmet
rElec   +          Harm     .   (no cloak)
rCorr   .          Rampage  .   (no gloves)
Will    .....                   f - +0 pair of boots
Stlth   +.........              (no amulet)
HPRegen 0.07/turn               (no ring)
MPRegen 0.08/turn               (no ring)

@: no status effects
A: sickness immunity, AC +3, negative energy resistance 1, electricity
resistance, torment resistance 1, petrification resistance
a: no special abilities


You were on level 2 of the Dungeon.
You visited 1 branch of the dungeon, and saw 2 of its levels.

You collected 25 gold pieces.

Inventory:

Hand Weapons
 a - a +0 quarterstaff (weapon)
Missiles
 d - 3 throwing nets (quivered)
 e - 55 stones
Armour
 b - a +0 leather armour (worn)
 c - a +0 helmet (worn)
 f - a +0 pair of boots (worn)
Potions
 g - a potion of curing {unknown}
 h - a potion of mutation {unknown}
 i - a potion of degeneration {unknown}


   Skills:
 * Level 2.8 Fighting
 + Level 3.1 Staves
 + Level 1.9 Throwing
 * Level 1.2 Armour
 + Level 2.5 Dodging


You had 2 spell levels left.
You didn't know any spells.
Your spell library was empty.

Dungeon Overview and Level Annotations

Branches:
Dungeon (2/15)

Altars:

Annotations:
D:2 Robin


Innate Abilities, Weirdness & Mutations

You are immune to sickness and miasma.
Your stone body is resilient. (AC +3)
You are immune to poison.
You resist negative energy. (rN+)
You are resistant to electric shocks. (rElec)
You are resistant to unholy torment.
You are immune to petrification.


Message History

You sock the goblin!
You kill the goblin!
Robin throws the goblin at you!
The hobgoblin hits you but does no damage.
The goblin barely misses you. The hobgoblin hits you.
The goblin hits you but does no damage.
You sock the goblin!
You kill the goblin!
Robin throws the goblin at you! The goblin closely misses you.
The hobgoblin hits you but does no damage.
You have reached level 3!
Your experience leads to an increase in your attributes!
Increase (S)trength, (I)ntelligence, or (D)exterity?
You feel agile. x2
You closely miss the goblin. The goblin hits you with a +0 club.
The hobgoblin closely misses you.
You hit the goblin.
You kill the goblin!
The hobgoblin hits you but does no damage.
Robin roars a battlecry!
The goblins go into a battle-frenzy!
An adder comes into view.
You barely miss the hobgoblin. The hobgoblin hits you.
You are too injured to fight recklessly!
You are too injured to fight recklessly!
You are too injured to fight recklessly!
You hit the hobgoblin.
The hobgoblin is moderately wounded.
The hobgoblin closely misses you. Robin throws the goblin at you!
The goblin hits you with a +0 dagger.
You hit the hobgoblin but do no damage.
The hobgoblin is moderately wounded.
The hobgoblin hits you.
* * * LOW HITPOINT WARNING * * *
The goblin closely misses you.
You hit the goblin.
The goblin is heavily wounded.
Robin says, "My goblins will feast on your bones."
The hobgoblin barely misses you. The goblin hits you with a +0 dagger.
You die...

##.#####.# #.
.........# #.
#######.## #.# #.#
#..######.#
#.........#
#...###.#########g##.#
. #..# #.g@gggS...
...###..###!####g####
........>...#
...#.##.##### . #..
#.# ..# ..# ... ....
.. ....# ......


You could see Robin, an adder, 2 hobgoblins and 3 goblins.

Vanquished Creatures
  3 ball pythons
  A bat (D:1)
  An endoplasm (D:1)
  3 goblins (D:2)
  6 hobgoblins
  3 kobolds (D:1)
  A quokka (D:1)
  2 frilled lizards (D:1)
  A rat (D:1)
21 creatures vanquished.

Notes
Turn   | Place    | Note
-------+----------+-------------------------------------------
     0 | D:1      | southernslant the Gargoyle Gladiator began the quest for
                  | the Orb.
     0 | D:1      | Reached XP level 1. HP: 12/12 MP: 1/1
   264 | D:1      | Reached XP level 2. HP: 18/18 MP: 2/2
   672 | D:1      | Found a faded altar of an unknown god.
   688 | D:1      | Reached skill level 1 in Armour
   991 | D:2      | Noticed Robin
   995 | D:2      | Reached XP level 3. HP: 18/22 MP: 3/3
  1000 | D:2      | Slain by a goblin

Illustrated notes

Levels and vault maps discovered:
D:1:      saegor_arrival_simple_b, layout_basic, basic_ecumenical_altar,
          chequers_serial_rivers_micro_d
D:2:      layout_loops_ring, uniq_robin, uniq_terence

Skill      XL: |  1  2 |
---------------+-------+-----
Armour         | 1 |  1.2
Fighting       | |  2.8
Staves         | |  3.1
Throwing       | |  1.9
Dodging        | |  2.5

Action                   || total
-------------------------++-------
Melee: Quarterstaff      ||    54
Armor: Leather armour    ||    19
Dodge: Dodged            ||    43

Table legend: (Time is in decaauts)
 A = Elapsed time spent in this place.
 B = Non-inter-level travel time spent in this place.
 C = Inter-level travel time spent in this place.
 D = Time resting spent in this place.
 E = Time spent auto-exploring this place.
 F = Levels seen in this place.
 G = Mean time per level.
                   A        B        C        D        E       F      G
               +--------+--------+--------+--------+--------+-----+--------+
         Total |   1007 |   1007 |      0 |      0 |    824 |   2 |  503.5 |
       Dungeon |   1007 |   1007 |      0 |      0 |    824 |   2 |  503.5 |
               +--------+--------+--------+--------+--------+-----+--------+

Top non-repeatable levels by time:
     D:1: 842 daAuts
     D:2: 165 daAuts
